[Event "ICC Open 2015"]
[Site "Internet Chess Club"]
[Date "2015.05.29"]
[Round "4"]
[White "maly"]
[Black "eddington"]
[Result "1/2-1/2"]
[ICCResult "Game drawn because neither player has mating material"]
[WhiteElo "2604"]
[BlackElo "2117"]
[Opening "Catalan: closed, 5.Nf3"]
[ECO "E06"]
[NIC "CA.05"]
[Time "19:48:43"]
[TimeControl "180+0"]

1. d4 d5 2. c4 e6 3. Nf3 Be7 4. g3 Nf6 5. Bg2 O-O 6. O-O dxc4 7. Ne5 c5 8.
dxc5 Qc7 9. Nxc4 Qxc5 10. Nba3 Nc6 11. Be3 Qh5 12. Rc1 Ng4 13. h3 Nxe3 14.
Nxe3 Rd8 15. Qa4 Nd4 16. Rce1 Nxe2+ 17. Kh2 Nd4 18. f4 Nc6 19. Nac4 Bd7 20.
Qb3 b6 21. Ne5 Nxe5 22. Bxa8 Rxa8 23. fxe5 Bc5 24. Ng4 Bc6 25. Qd3 Qg6 26.
Qxg6 hxg6 27. Rd1 Bd5 28. b3 Kf8 29. Rd3 a5 30. Rfd1 Ke7 31. Ne3 Bc6 32. Nc4
Bd5 33. a4 Rh8 34. g4 f5 35. exf6+ gxf6 36. Kg3 f5 37. Rxd5 exd5 38. Rxd5
fxg4 39. Kxg4 Rd8 40. Rxd8 Kxd8 41. Kg5 Ke7 42. Kxg6 Ke6 43. h4 Kd5 44. h5
Bd4 45. h6 Kc5 46. h7 Kb4 47. Nxb6 Kxb3 48. Nd7 Bh8 49. Nc5+ Kb4 50. Ne6
Kxa4 51. Ng7 Kb3 52. Kf7 a4 53. Kg8 a3 54. Kxh8 a2 55. Kg8 a1=Q 56. h8=Q
Qa8+ 57. Kh7 Qxh8+ 58. Kxh8
{Game drawn because neither player has mating material}
1/2-1/2

[Event "ICC Open 2015"]
[Site "Internet Chess Club"]
[Date "2015.05.29"]
[Round "4"]
[White "ibarra"]
[Black "Sjelan"]
[Result "1-0"]
[ICCResult "Black forfeits on time"]
[WhiteElo "2823"]
[BlackElo "2217"]
[Opening "Caro-Kann: two knights variation"]
[ECO "B11"]
[NIC "CK.01"]
[Time "19:48:54"]
[TimeControl "180+0"]

1. e4 c6 2. Nc3 d5 3. Nf3 dxe4 4. Nxe4 Nf6 5. Qe2 Nxe4 6. Qxe4 Nd7 7. Bc4 e6
8. O-O Nf6 9. Qe2 b5 10. Bb3 a5 11. a4 Ba6 12. d3 Be7 13. Ne5 Qc8 14. axb5
Bxb5 15. c4 Ba6 16. Nxc6 Bb7 17. Nxe7 Kxe7 18. f3 Rd8 19. Be3 Nd7 20. d4 Kf8
21. Rfd1 Kg8 22. Qf2 Nf8 23. Rac1 a4 24. Ba2 Qd7 25. h4 Ba6 26. d5 exd5 27.
Rxd5 Qe8 28. Rcd1 Rdc8 29. c5 Bb5 30. Rf5 Ne6 31. Rd6 Ra6 32. Qg3 Rxd6 33.
cxd6 Bd7 34. Re5 Rc2 35. Bd4 Rc1+ 36. Kh2 Qf8 37. Bc3 Rxc3 38. bxc3 Qxd6 39.
Rd5 Qe7 40. Qb8+ Be8 41. Kg3 g6 42. Re5 Kg7 43. Re4 Bc6 44. Qe5+ Qf6 45.
Qxf6+ Kxf6 46. Rb4 Ke5 47. Kf2 Kd6 48. Ke3 Nc5 49. g3 f5 50. g4 fxg4 51.
fxg4 Na6 52. Rd4+ Kc5 53. g5 Nc7 54. Kd2 Nb5 55. Rc4+ Kb6 56. Rxa4 Nxc3 57.
Rb4+ Nb5 58. Rf4 Kc5 59. Bg8 {Black forfeits on time} 1-0

[Event "ICC Open 2015"]
[Site "Internet Chess Club"]
[Date "2015.05.29"]
[Round "4"]
[White "cap78red"]
[Black "Oblique"]
[Result "0-1"]
[ICCResult "White forfeits on time"]
[WhiteElo "1364"]
[BlackElo "1729"]
[Opening "English: Anglo-Grünfeld defense"]
[ECO "A16"]
[NIC "EO.64"]
[Time "19:48:56"]
[TimeControl "180+0"]

1. c4 Nf6 2. Nc3 d5 3. e3 e6 4. d4 Be7 5. Nf3 O-O 6. Ne5 Nbd7 7. f4 c5 8.
cxd5 Nxd5 9. Bc4 Nxe5 10. dxe5 Nxc3 11. Qxd8 Rxd8 12. bxc3 b6 13. e4 Bb7 14.
Bd3 Rxd3 15. Ke2 Bxe4 16. Rd1 Rxd1 17. Kxd1 Rd8+ 18. Ke2 Bxg2 19. Be3 Bd5
20. a3 Bc4+ 21. Ke1 Rd3 22. Bd2 Bh4+ 23. Ke2 Rxc3+ 24. Kd1 Rd3 25. Kc2 Rd8
26. a4 h6 27. a5 g5 28. axb6 gxf4 29. bxa7 Ra8 30. Bxf4 Bg5 31. Bg3 Bd5 32.
Bf2 Be7 33. Kc3 Kf8 34. Be3 h5 35. h4 Ke8 36. Ra5 Kd7 37. Kb2 Kc6 38. Ka3
Kb6 39. Ka4 Rxa7 40. Rxa7 Kxa7 41. Kb5 Kb7 42. Bxc5 Bxc5 43. Kxc5 Kc7 44.
Kd4 Kd7 45. Ke3 Ke7 46. Kf4 f6 47. exf6+ Kxf6 48. Ke3 Kf5 49. Kf2 Kg4 50.
Ke3 Kxh4 51. Kd4 Kg4 52. Ke5 h4 53. Kf6 h3 54. Ke7 h2 55. Kd6 h1=Q 56. Ke5
Qh2+ 57. Kf6 e5 58. Ke7 e4 59. Kd7 e3 {White forfeits on time} 0-1

[Event "ICC Open 2015"]
[Site "Internet Chess Club"]
[Date "2015.05.29"]
[Round "4"]
[White "paulohaddad"]
[Black "tristanfran"]
[Result "0-1"]
[ICCResult "White forfeits on time"]
[WhiteElo "1801"]
[BlackElo "1849"]
[Opening "Queen's pawn game"]
[ECO "D02"]
[NIC "QP.08"]
[Time "19:48:37"]
[TimeControl "180+0"]

1. d4 d5 2. Nf3 e6 3. Bf4 c5 4. e3 Nc6 5. c3 Nf6 6. Bd3 Be7 7. Ne5 O-O 8.
Nd2 Nxe5 9. dxe5 Nd7 10. Qh5 g6 11. Qh3 Re8 12. Qg3 Bf8 13. h4 Bg7 14. h5
Nf8 15. hxg6 fxg6 16. Bg5 Qc7 17. f4 a6 18. e4 b5 19. Bf6 Bb7 20. exd5 exd5
21. Bxg7 Qxg7 22. O-O-O c4 23. Bc2 Ne6 24. f5 gxf5 25. Qxg7+ Nxg7 26. Nf3 a5
27. Rde1 b4 28. Nd4 Bc8 29. e6 Nxe6 30. Bxf5 Kf7 31. Rxh7+ Kf6 32. Bxe6 Bxe6
33. Nxe6 Rxe6 34. Rh6+ Kf5 35. Rhxe6 Rg8 36. R6e5+ Kf4 37. Rxd5 Rxg2 38.
Rd4+ Kf3 39. Rd7 b3 40. Rf7+ Kg3 41. axb3 Rf2 42. bxc4 Rxf7
{White forfeits on time}
0-1

[Event "ICC Open 2015"]
[Site "Internet Chess Club"]
[Date "2015.05.29"]
[Round "4"]
[White "RichardZ"]
[Black "Shafkat"]
[Result "1-0"]
[ICCResult "Black forfeits on time"]
[WhiteElo "1408"]
[BlackElo "1568"]
[Opening "Queen's pawn game, Darooha variation "]
[ECO "D02"]
[NIC "QP.08"]
[Time "19:48:31"]
[TimeControl "180+0"]

1. d4 d5 2. Nf3 Nf6 3. Nc3 e6 4. Bg5 c5 5. e3 Be7 6. Bb5+ Nc6 7. O-O a6 8.
Bxc6+ bxc6 9. Ne5 cxd4 10. Nxc6 Qc7 11. Nxe7 Qxe7 12. exd4 h6 13. Bxf6 Qxf6
14. Re1 O-O 15. Qd2 Bb7 16. Na4 Rab8 17. Nc5 Bc6 18. Qc3 Rfc8 19. Qd2 Rxb2
20. Nxa6 Bb5 21. Nc5 Ra8 22. a4 Bc4 23. Reb1 Rxb1+ 24. Rxb1 e5 25. Nd7 Qe6
26. Nxe5 Rxa4 27. c3 Ra2 28. Qe1 Qf5 29. Nxc4 dxc4 30. Rb8+ Kh7 31. h3 Qd3
32. Re8 Rc2 33. Qe4+ Qxe4 34. Rxe4 Rxc3 35. d5 Rd3 36. Rxc4 Rxd5 37. Rc7 f6
38. f3 Kg6 39. Kf2 Rd2+ 40. Kg3 h5 41. Kh4 Rxg2 42. Rc4 Rf2 43. Rf4 f5 44.
Kg3 Rf1 45. Ra4 Kh6 46. Ra6+ g6 47. Rb6 Kg5 48. h4+ Kh6 49. Kf4 Rg1 50. Rc6
Rf1 51. Rb6 Rc1 52. Rc6 Rxc6 53. Ke5 {Black forfeits on time} 1-0

[Event "ICC Open 2015"]
[Site "Internet Chess Club"]
[Date "2015.05.29"]
[Round "4"]
[White "Chessbomb"]
[Black "iamGodskid"]
[Result "1-0"]
[ICCResult "Black checkmated"]
[WhiteElo "1851"]
[BlackElo "1443"]
[Opening "King's Indian: 5.Nf3"]
[ECO "E90"]
[NIC "KI.22"]
[Time "19:49:27"]
[TimeControl "180+0"]

1. e4 d6 2. Nf3 g6 3. c4 Bg7 4. Nc3 Nf6 5. d4 Bg4 6. Be2 Nc6 7. O-O Bxf3 8.
Bxf3 O-O 9. Re1 e5 10. d5 Nd4 11. Be3 Nxf3+ 12. Qxf3 Nh5 13. g4 Nf4 14. Ne2
Bh6 15. Nxf4 exf4 16. Bd4 Qh4 17. h3 f5 18. exf5 gxf5 19. Kh1 Bg7 20. Bxg7
Kxg7 21. Rg1 Kh8 22. Qc3+ Rf6 23. g5 f3 24. Qxf6+ Kg8 25. Rg3 Rf8 26. Qe6+
Rf7 27. g6 hxg6 28. Rxg6+ Kf8 29. Qc8+ Ke7 30. Re1+ Qe4 31. Re6+ Qxe6 32.
Rxe6# {Black checkmated} 1-0

[Event "ICC Open 2015"]
[Site "Internet Chess Club"]
[Date "2015.05.29"]
[Round "4"]
[White "ganesh"]
[Black "jakemate"]
[Result "1-0"]
[ICCResult "Black forfeits on time"]
[WhiteElo "1613"]
[BlackElo "1813"]
[Opening "Sicilian: Najdorf, Byrne (English) attack"]
[ECO "B90"]
[NIC "SI.14"]
[Time "19:49:03"]
[TimeControl "180+0"]

1. e4 c5 2. Nf3 d6 3. d4 cxd4 4. Nxd4 Nf6 5. Nc3 a6 6. Be3 e5 7. Nb3 Be6 8.
Be2 Nbd7 9. Qd2 b5 10. O-O Be7 11. f4 Rc8 12. f5 Bc4 13. Bxc4 Rxc4 14. Qd3
O-O 15. Nd2 Rc8 16. Nf3 Ng4 17. Rac1 Nxe3 18. Qxe3 Nf6 19. Rfd1 Qc7 20. Nd5
Nxd5 21. Rxd5 Rfd8 22. Qf2 Qc4 23. Qe3 Rd7 24. Nd2 Qxa2 25. b3 Rxc2 26. Rxc2
Qxc2 27. Nf3 h6 28. Nxe5 Rc7 29. Nd3 Bg5 30. Qg3 Qd1+ 31. Qe1 Qxb3 32. Qb4
Rc1+ 33. Kf2 Rc2+ 34. Kf3 Rc3 35. Qd4 {Black forfeits on time} 1-0

[Event "ICC Open 2015"]
[Site "Internet Chess Club"]
[Date "2015.05.29"]
[Round "4"]
[White "maki89"]
[Black "HaraldEskilstu"]
[Result "1-0"]
[ICCResult "Black forfeits on time"]
[WhiteElo "2371"]
[BlackElo "2011"]
[Opening "Alekhine's defense: exchange variation"]
[ECO "B03"]
[NIC "AL.08"]
[Time "19:48:45"]
[TimeControl "180+0"]

1. e4 Nf6 2. e5 Nd5 3. d4 d6 4. c4 Nb6 5. exd6 cxd6 6. Nc3 g6 7. Be3 Bg7 8.
Rc1 O-O 9. b3 e5 10. dxe5 dxe5 11. Qxd8 Rxd8 12. c5 N6d7 13. Nf3 Nc6 14. Bc4
h6 15. Ne4 Nf8 16. Nd6 Rd7 17. h4 Rc7 18. h5 g5 19. Bxg5 hxg5 20. h6 Bh8 21.
h7+ Nxh7 22. Nxf7 Rxf7 23. Bxf7+ Kxf7 24. Rxh7+ Bg7 25. Rh1 Kg6 26. Rd1 Bg4
27. Rd6+ Bf6 28. Nd2 Bf5 29. g4 Bxg4 30. Ne4 Rf8 31. Rg1 Kf5 32. Rxf6+ Rxf6
33. Nxf6 Bf3 34. Rg3 g4 35. Ne8 Ke6 36. Nd6 b6 37. Nb7 Kd5 38. cxb6 axb6 39.
Kd2 Nd4 40. Rg1 Kc6 41. Nd8+ Kd5 42. Nf7 e4 43. Ng5 b5 44. Rc1 b4 45. Nxf3
exf3 46. Ke3 Ke5 47. Rc5+ {Black forfeits on time} 1-0

[Event "ICC Open 2015"]
[Site "Internet Chess Club"]
[Date "2015.05.29"]
[Round "4"]
[White "Lzmann"]
[Black "AryanB"]
[Result "1-0"]
[ICCResult "Black checkmated"]
[WhiteElo "1802"]
[BlackElo "1217"]
[Opening "King's Indian: Four pawns attack"]
[ECO "E76"]
[NIC "KI.31"]
[Time "19:48:44"]
[TimeControl "180+0"]

1. d4 Nf6 2. c4 g6 3. Nc3 Bg7 4. e4 d6 5. f4 O-O 6. Nf3 Nbd7 7. Bd3 c5 8. d5
Ne8 9. O-O Nc7 10. Qe1 e5 11. dxe6 fxe6 12. Bd2 Bh8 13. Qe2 Qf6 14. f5 exf5
15. Bg5 Qf7 16. exf5 gxf5 17. Rae1 Re8 18. Qf2 Ne5 19. Qc2 Nxf3+ 20. gxf3
Bd4+ 21. Kh1 Rxe1 22. Rxe1 Qg7 23. Bf4 Bd7 24. Bxf5 Bc6 25. Be4 Bxe4 26.
Qxe4 Re8 27. Qb1 Rxe1+ 28. Qxe1 Bxc3 29. Qxc3 Qxc3 30. bxc3 Ne8 31. Kg2 Kf7
32. Kg3 Ke6 33. Kg4 Nf6+ 34. Kg5 d5 35. cxd5+ Nxd5 36. c4 Nxf4 37. Kxf4 Kf6
38. Ke4 Ke6 39. f4 a6 40. a4 h6 41. h4 h5 42. f5+ Kf6 43. Kf4 b6 44. Ke4 Kg7
45. Ke5 Kf7 46. Kd5 Kf6 47. Kc6 Kxf5 48. Kxb6 Kg4 49. Kxc5 Kxh4 50. Kd5 Kg4
51. c5 h4 52. c6 h3 53. c7 h2 54. c8=Q+ Kg3 55. Qc1 Kg2 56. Qd1 h1=Q 57.
Qxh1+ Kxh1 58. Kc5 Kg2 59. Kb6 Kf3 60. Kxa6 Ke4 61. Kb6 Kd5 62. a5 Kd6 63.
a6 Kd7 64. a7 Ke6 65. a8=Q Ke5 66. Qd8 Ke4 67. Kc5 Kf4 68. Kc4 Kf3 69. Qe7
Kf4 70. Kd3 Kf5 71. Qe4+ Kf6 72. Kd4 Kf7 73. Kd5 Kf6 74. Qe5+ Kg6 75. Ke6
Kh6 76. Qf5 Kg7 77. Qf4 Kg6 78. Qg4+ Kh7 79. Kf6 Kh8 80. Qg7# {Black
checkmated} 1-0

[Event "ICC Open 2015"]
[Site "Internet Chess Club"]
[Date "2015.05.29"]
[Round "4"]
[White "Smokie"]
[Black "receipt"]
[Result "0-1"]
[ICCResult "White forfeits on time"]
[WhiteElo "1382"]
[BlackElo "1077"]
[Opening "Bogo-Indian defense"]
[ECO "E11"]
[NIC "QI.01"]
[Time "19:49:16"]
[TimeControl "180+0"]

1. d4 Nf6 2. c4 e6 3. Nf3 Bb4+ 4. Bd2 Bxd2+ 5. Nbxd2 c5 6. e3 cxd4 7. Nxd4
O-O 8. Bd3 Nc6 9. O-O Re8 10. a3 e5 11. Nf5 d6 12. Ng3 Ne7 13. Rc1 Ng6 14.
Bb1 Bg4 15. Qc2 Rc8 16. b3 b5 17. h3 bxc4 18. hxg4 Nxg4 19. bxc4 Qh4 20. Nf3
Qh6 21. Nf5 Qh5 22. Qe4 Rcd8 23. Rfd1 Ne7 24. Nxd6 Nf6 25. Qc2 e4 26. Nxe8
Rxe8 27. Rd5 Nfxd5 28. cxd5 Nxd5 29. Nd4 g6 30. Qc6 Re6 31. Qc8+ Kg7 32. Rc7
Nf6 33. Qxe6 g5 34. Qxf7+ Qxf7 35. Rxf7+ Kxf7 36. Nf5 Ke6
{White forfeits on time}
0-1

[Event "ICC Open 2015"]
[Site "Internet Chess Club"]
[Date "2015.05.29"]
[Round "4"]
[White "Svinotigr"]
[Black "Snooze"]
[Result "0-1"]
[ICCResult "White forfeits on time"]
[WhiteElo "1644"]
[BlackElo "1914"]
[Opening "Réti: old Indian attack"]
[ECO "A06"]
[NIC "QP.09"]
[Time "19:48:59"]
[TimeControl "180+0"]

1. Nf3 d5 2. d3 Nc6 3. Nbd2 e5 4. e4 dxe4 5. dxe4 Bc5 6. g3 Bg4 7. Bg2 Nf6
8. O-O O-O 9. Re1 Nd4 10. c3 Nxf3+ 11. Bxf3 Bxf3 12. Qxf3 c6 13. a4 Qc7 14.
Nc4 h6 15. Bxh6 gxh6 16. Qxf6 Rae8 17. Qxh6 Re6 18. Qh5 b5 19. Ne3 Rg6 20.
Nf5 a6 21. axb5 axb5 22. b4 Be7 23. Rad1 Ra8 24. Rd3 Bf6 25. Red1 Ra2 26.
Rd6 Qb6 27. Rf1 Qc7 28. Rfd1 Qb6 29. R1d2 Rxd2 30. Rxd2 c5 31. bxc5 Qxc5 32.
Rd5 Qxc3 33. g4 Qf3 34. h3 Qxe4 {White forfeits on time} 0-1

[Event "ICC Open 2015"]
[Site "Internet Chess Club"]
[Date "2015.05.29"]
[Round "4"]
[White "Muad-dib"]
[Black "Alekhinne"]
[Result "1-0"]
[ICCResult "Black forfeits on time"]
[WhiteElo "2130"]
[BlackElo "1720"]
[Opening "Pirc: classical (two knights) system"]
[ECO "B08"]
[NIC "PU.10"]
[Time "19:48:54"]
[TimeControl "180+0"]

1. e4 d6 2. Nf3 Nf6 3. Nc3 g6 4. d4 Bg7 5. Bg5 c6 6. h3 Nbd7 7. Bd3 h6 8.
Be3 Qa5 9. a3 Rb8 10. Qd2 b5 11. O-O Qc7 12. Rad1 a5 13. Rfe1 b4 14. axb4
axb4 15. Ne2 e5 16. dxe5 dxe5 17. Bc4 Nxe4 18. Qc1 Nd6 19. Bb3 Nf5 20. Bd2
O-O 21. g4 Nd4 22. Nexd4 exd4 23. Bxh6 c5 24. Bxg7 Kxg7 25. Bc4 Nb6 26. Bd3
Bb7 27. Be4 Rfe8 28. Bxb7 Qxb7 29. Qf4 Qd5 30. Ng5 Nc4 31. Ne4 Re6 32. c3
bxc3 33. bxc3 Rbe8 34. f3 Qe5 35. Qxe5+ Rxe5 36. cxd4 cxd4 37. Rxd4 Nb6 38.
Rd6 Nd5 39. Kf2 Nf4 40. Red1 Nxh3+ 41. Kg3 f5 42. Rd7+ R8e7 43. Rxe7+ Rxe7
44. gxf5 gxf5 45. Nd6 Ng5 46. Kf4 Kf6 47. Nc4 Ne6+ 48. Kg3 Rg7+ 49. Kf2 f4
50. Rd6 Rc7 51. Nd2 Rc2 52. Ke1 Ke5 53. Rd8 Nd4 54. Ne4 Nxf3+ 55. Kd1 Ra2
56. Kc1 {Black forfeits on time} 1-0

[Event "ICC Open 2015"]
[Site "Internet Chess Club"]
[Date "2015.05.29"]
[Round "4"]
[White "shredded"]
[Black "Estocolmov"]
[Result "1-0"]
[ICCResult "Black forfeits on time"]
[WhiteElo "2734"]
[BlackElo "2222"]
[Opening "QGD: semi-Slav"]
[ECO "D31"]
[NIC "SL.06"]
[Time "19:48:55"]
[TimeControl "180+0"]

1. d4 d5 2. c4 e6 3. Nc3 c6 4. e3 f5 5. g4 Nf6 6. gxf5 exf5 7. cxd5 cxd5 8.
Bg2 Be6 9. Qb3 Qb6 10. Nxd5 Bxd5 11. Bxd5 Nxd5 12. Qxd5 Bb4+ 13. Kf1 Rf8 14.
Ne2 Nc6 15. Qe6+ Be7 16. Bd2 Rd8 17. Bc3 Rd6 18. Qb3 Qa6 19. Ke1 f4 20. Nxf4
Rxf4 21. exf4 Rxd4 22. Qg8+ Bf8 23. Qe6+ Be7 24. Bxd4 Nxd4 25. Qxa6 bxa6 26.
Rd1 Bb4+ 27. Kf1 Ne6 28. Kg2 Nxf4+ 29. Kf3 Ne6 30. Rd5 Kf7 31. a3 Be7 32.
Rc1 Ng5+ 33. Rxg5 Bxg5 34. Rc7+ Kg6 35. Rxa7 Bf6 36. Rxa6 Kf5 37. b4 Bd4 38.
b5 h5 39. b6 g5 40. h3 g4+ 41. hxg4+ hxg4+ 42. Kg2 Be5 43. b7 Ke4 44. Re6
Kd5 45. Rxe5+ Kxe5 46. b8=Q+ {Black forfeits on time} 1-0

[Event "ICC Open 2015"]
[Site "Internet Chess Club"]
[Date "2015.05.29"]
[Round "4"]
[White "kingmate"]
[Black "Silvo"]
[Result "1-0"]
[ICCResult "Black forfeits on time"]
[WhiteElo "2087"]
[BlackElo "2379"]
[Opening "Sicilian: Alapin's variation (2.c3)"]
[ECO "B22"]
[NIC "SI.46"]
[Time "19:48:58"]
[TimeControl "180+0"]

1. e4 c5 2. c3 d6 3. d4 Qc7 4. Nf3 a6 5. a4 e5 6. d5 Nf6 7. Nbd2 Bg4 8. Bd3
Be7 9. h3 Bh5 10. Qe2 Nbd7 11. a5 Rc8 12. Nc4 Bg6 13. g4 O-O 14. Bg5 Qd8 15.
Bd2 Re8 16. Rg1 Nxd5 17. exd5 e4 18. Bxe4 Bxe4 19. Qxe4 Bf6 20. Qxe8+ Qxe8+
21. Be3 Ne5 22. Nfxe5 Bxe5 23. O-O-O Qd8 24. f4 Bf6 25. g5 Be7 26. f5 g6 27.
Rdf1 Qd7 28. f6 Bf8 29. h4 Qb5 30. Rf4 Re8 31. Bd2 Qa4 32. Rd1 Qd7 33. Rh1
Re2 34. h5 gxh5 35. Rxh5 Qa4 36. Rfh4 Qa1+ 37. Kc2 Qa4+ 38. Kd3 Rxd2+ 39.
Kxd2 h6 40. gxh6 Kh7 41. Rg4 Qa2 42. Kc2 {Black forfeits on time} 1-0

[Event "ICC Open 2015"]
[Site "Internet Chess Club"]
[Date "2015.05.29"]
[Round "4"]
[White "BlackHorse96"]
[Black "Talion"]
[Result "1-0"]
[ICCResult "Black forfeits on time"]
[WhiteElo "3344"]
[BlackElo "2890"]
[Opening "Queen's pawn: Chigorin variation"]
[ECO "D00"]
[NIC "QP.08"]
[Time "19:48:44"]
[TimeControl "180+0"]

1. d4 d5 2. Nc3 Bf5 3. Bf4 e6 4. f3 Nf6 5. g4 Bg6 6. h4 h6 7. e3 Bd6 8. Nh3
a6 9. Bd3 Bxd3 10. Qxd3 c5 11. O-O-O Nc6 12. Kb1 cxd4 13. exd4 Bxf4 14. Nxf4
Qd6 15. Qe3 O-O-O 16. g5 hxg5 17. hxg5 Nd7 18. g6 fxg6 19. Rhg1 e5 20. dxe5
Qxe5 21. Qxe5 Ndxe5 22. Nfxd5 Nxf3 23. Rxg6 Rh7 24. b3 Nfe5 25. Rg5 g6 26.
Kb2 Rh5 27. Rg3 Rh2 28. a4 Rf8 29. Ne4 Rd8 30. Nb6+ Kc7 31. Rxd8 Kxd8 32.
Nd5 Kc8 33. Kc3 a5 34. Nd6+ Kb8 35. Nb5 Kc8 36. Nf4 Nb4 37. Nd4 Nec6 38.
Nfe6 Ne7 39. Nf4 Na2+ 40. Kb2 Nb4 41. Nxg6 Nec6 42. Rc3 Kd7 43. Nxc6 Nxc6
44. Nf4 Rd2 45. Nd3 b6 46. Rc4 Kd6 47. Kc3 Rh2 48. Rf4 Rh6 49. Rg4 Kd5 50.
Rg5+ Kd6 51. Rg7 Ne7 52. Rg4 Nc6 53. Kb2 Rf6 54. Rf4 Rxf4 55. Nxf4 Nd4 56.
Nd3 Kc6 57. Kc3 Nf3 58. Kc4 Nd2+ 59. Kc3 Nf3 60. Kc4 Nd2+ 61. Kd4 b5 62.
Ne5+ Kb6 63. Nd7+ Kc6 64. Ne5+ Kb6 65. Ke3 Nb1 66. Kd4 Na3 67. c3 bxa4 68.
bxa4 Nb1 69. Nc4+ Ka6 70. Kd3 Kb7 71. Kc2 Nxc3 72. Kxc3 Ka6 73. Kd4 Ka7 74.
Kc5 Ka6 75. Kc6 Ka7 76. Kb5 Ka8 77. Nxa5 {Black forfeits on time} 1-0

[Event "ICC Open 2015"]
[Site "Internet Chess Club"]
[Date "2015.05.29"]
[Round "4"]
[White "Lightlike"]
[Black "brauliocuarta"]
[Result "1-0"]
[ICCResult "Black forfeits on time"]
[WhiteElo "2646"]
[BlackElo "2125"]
[Opening "Sicilian: Alapin's variation (2.c3)"]
[ECO "B22"]
[NIC "SI.46"]
[Time "19:49:11"]
[TimeControl "180+0"]

1. e4 c5 2. c3 e6 3. d4 d5 4. exd5 exd5 5. Nf3 Nc6 6. Bb5 Bd6 7. O-O cxd4 8.
Nxd4 Ne7 9. Nd2 O-O 10. N2f3 Nxd4 11. Nxd4 a6 12. Bd3 Nc6 13. Be3 Ne5 14.
Be2 Re8 15. Nf3 Ng4 16. Bd4 Bf5 17. Re1 Qd7 18. Qd2 Rad8 19. Rad1 Bc7 20. h3
Nf6 21. Bxf6 gxf6 22. Bd3 Bxh3 23. Qh6 Bf5 24. Nd4 Rxe1+ 25. Rxe1 Bxd3 26.
Qxf6 Re8 27. Rd1 Bg6 28. Nf3 Qf5 29. Qxf5 Bxf5 30. Rxd5 Be4 31. Rd2 Bxf3 32.
gxf3 Bf4 33. Rd7 Re1+ 34. Kg2 b5 35. Ra7 Re2 36. Rxa6 Be3 37. Ra8+ Kg7 38.
b3 Rxf2+ 39. Kg3 Rb2 40. Re8 {Black forfeits on time} 1-0

[Event "ICC Open 2015"]
[Site "Internet Chess Club"]
[Date "2015.05.29"]
[Round "4"]
[White "RRK"]
[Black "NAS"]
[Result "0-1"]
[ICCResult "White forfeits on time"]
[WhiteElo "2269"]
[BlackElo "1739"]
[Opening "QGD: Marshall defense"]
[ECO "A50"]
[NIC "QP.07"]
[Time "19:49:14"]
[TimeControl "180+0"]

1. d4 Nf6 2. c4 d5 3. cxd5 Nxd5 4. e4 Nb6 5. Nc3 g6 6. f3 Bg7 7. Be3 O-O 8.
Nge2 N8d7 9. g4 Nc4 10. Bc1 c5 11. b3 cxd4 12. Nxd4 Ndb6 13. Nde2 Ne5 14.
Qxd8 Rxd8 15. Kf2 Nd3+ 16. Kg3 Nxc1 17. Rxc1 Be6 18. Bg2 Rac8 19. Nb5 a6 20.
Na3 Rd2 21. Rxc8+ Bxc8 22. Nf4 Rxa2 23. Nc4 Nxc4 24. bxc4 Be5 25. Rd1 Be6
26. g5 Bxc4 27. Rd8+ Kg7 28. Rd7 Bxf4+ 29. Kxf4 Rxg2 30. Rxb7 Bb5 31. Rxe7
Rxh2 32. Ke5 Rf2 33. f4 Re2 34. Kd4 Rd2+ 35. Ke5 Rc2 36. f5 Rc5+ 37. Kf4
gxf5 38. exf5 Rc4+ 39. Ke5 Rc1 40. Rb7 Re1+ 41. Kf4 Rf1+ 42. Ke5 Bc6 43. Rb8
Re1+ 44. Kf4 Re4+ 45. Kg3 Bb5 46. f6+ Kg6 47. Rg8+ Kf5 48. Rg7 Rg4+ 49. Kf3
Rxg5 50. Rxf7 Rg6 51. Rxh7 Rxf6 52. Rh5+ Ke6+ 53. Ke4 Bc6+ 54. Kd4 Rf4+ 55.
Kc5 Bd7 56. Rh6+ Ke7 57. Rxa6 Rf5+ {White forfeits on time} 0-1

[Event "ICC Open 2015"]
[Site "Internet Chess Club"]
[Date "2015.05.29"]
[Round "4"]
[White "munch"]
[Black "ILYMJPDL"]
[Result "0-1"]
[ICCResult "White forfeits on time"]
[WhiteElo "1403"]
[BlackElo "1977"]
[Opening "Scandinavian gambit"]
[ECO "B13"]
[NIC "SD.03"]
[Time "19:49:33"]
[TimeControl "180+0"]

1. e4 d5 2. exd5 Nf6 3. c4 c6 4. d4 cxd5 5. cxd5 Nxd5 6. Nf3 Nc6 7. Nc3 Nxc3
8. bxc3 Bg4 9. Be2 e6 10. h3 Bh5 11. O-O Bd6 12. c4 O-O 13. d5 exd5 14. cxd5
Nb4 15. Ba3 Nxd5 16. Bxd6 Qxd6 17. Bc4 Rad8 18. g4 Bg6 19. Re1 Nf4 20. Qxd6
Rxd6 21. Ne5 Nxh3+ 22. Kg2 Nf4+ 23. Kg3 Ne6 24. Nxg6 hxg6 25. Rad1 Rfd8 26.
Rxd6 Rxd6 27. f4 Rc6 28. Bd5 Rc3+ 29. Bf3 Nd4 30. Rf1 f5 31. g5 Kf7 32. Kg2
Rc2+ 33. Kg3 Rc3 34. Kg2 Nxf3 35. Rxf3 Rxf3 36. Kxf3 Ke6 37. Ke3 Kd5 38. Kd3
b5 39. a3 a5 40. Kc3 Kc5 41. Kb3 Kd4 42. Kc2 Ke4 43. Kc3 Kxf4 44. Kd4 Kxg5
45. Kc5 b4 46. axb4 axb4 47. Kxb4 Kf4 48. Kc3 Ke3 49. Kc2 Ke2 50. Kc3 f4 51.
Kd4 f3 52. Ke4 f2 53. Kf4 f1=Q+ 54. Kg5 Qf5+ 55. Kh4 Qh5+ 56. Kg3 Qf5
{White forfeits on time}
0-1

[Event "ICC Open 2015"]
[Site "Internet Chess Club"]
[Date "2015.05.29"]
[Round "4"]
[White "DarkThrone"]
[Black "santiagoelawad"]
[Result "1-0"]
[ICCResult "Black resigns"]
[WhiteElo "2392"]
[BlackElo "2040"]
[Opening "QGD Slav defense"]
[ECO "D10"]
[NIC "SL.01"]
[Time "19:49:13"]
[TimeControl "180+0"]

1. d4 d5 2. c4 c6 3. Nc3 Nf6 4. e3 a6 5. Nf3 Bf5 6. cxd5 cxd5 7. Qb3 Ra7 8.
Be2 e6 9. O-O Bd6 10. Bd2 Nc6 11. Rac1 O-O 12. Na4 Qe7 13. Rfd1 Raa8 14. Nc5
Rab8 15. Be1 h6 16. a3 Ne4 17. Nxe4 Bxe4 18. h3 Rfc8 19. Qa2 Rc7 20. b4 Rbc8
21. Qb2 Na7 22. Rxc7 Rxc7 23. Rc1 Rxc1 24. Qxc1 Qc7 25. Qxc7 Bxc7 26. Nd2
Bc2 27. f3 Nb5 28. Bxb5 axb5 29. Kf2 Kf8 30. Ke2 Ke7 31. e4 dxe4 32. Nxe4
Bxe4 33. fxe4 f5 34. Ke3 g5 35. d5 Bb6+ 36. Kd3 exd5 37. exf5 h5 38. g4 hxg4
39. hxg4 Kf6 40. Bc3+ Ke7 41. Bd4 Bc7 42. Be3 Bf4 43. Bd4 Bd6 44. Bg7 Bc7
45. Kd4 Kd6 46. Bf8+ Kc6 47. Be7 Bb6+ 48. Kd3 Kd7 49. Bxg5 Ke8 50. Be3 Bc7
51. g5 Kf7 52. g6+ Kf6 53. Bd4+ Kxf5 54. g7 {Black resigns} 1-0

[Event "ICC Open 2015"]
[Site "Internet Chess Club"]
[Date "2015.05.29"]
[Round "4"]
[White "MythBulletChess"]
[Black "El-Flippo"]
[Result "0-1"]
[ICCResult "White forfeits on time"]
[WhiteElo "1518"]
[BlackElo "1346"]
[Opening "Sicilian"]
[ECO "B54"]
[NIC "SI.01"]
[Time "19:49:10"]
[TimeControl "180+0"]

1. e4 c5 2. Nf3 d6 3. d4 cxd4 4. Nxd4 a6 5. Nc3 e6 6. Nb3 Nf6 7. Bg5 Nbd7 8.
Bd3 Qc7 9. Qd2 b5 10. a3 Bb7 11. O-O-O Be7 12. f4 h6 13. Bxf6 Bxf6 14. Rde1
Rc8 15. Na2 Nc5 16. Nxc5 Qxc5 17. e5 dxe5 18. fxe5 Bg5 19. Qxg5 hxg5 20. Re2
a5 21. h3 Bd5 22. Nc3 Bc4 23. Bxc4 Qxc4 24. Re4 Qc5 25. Rd1 b4 26. Na4 Qc6
27. Nc3 bxc3 28. bxc3 Qxe4 29. Kb2 Qxe5 30. Rd3 Rh4 31. g4 Rh6 32. Kc1 Qe1+
33. Kb2 e5 {White forfeits on time} 0-1